 Dungeon Crawl Stone Soup version 0.28.0-43-g3370ac3207 (webtiles) character file.

Game seed: 3181519687157511185

39642 unlimited1921 the Thaumaturge (level 14, -7/103 HPs)
             Began as a Djinni Fire Elementalist on Mar 9, 2022.
             Was an Initiate of Yredelemnul.
             Mangled by a +4 long sword (14 damage)
             ... on level 13 of the Dungeon on Mar 10, 2022.
             The game lasted 03:18:46 (33242 turns).

unlimited1921 the Thaumaturge (DjFE)               Turns: 33242, Time: 03:18:49

Health: -7/103     AC: 11    Str:  6 (7)  XL:     14   Next: 40%
Gold:   661        EV:  6    Int: 27      God:    Yredelemnul [......] SH: 15 Dex: 15

rFire   + + .      SeeInvis .   Z - +1 war axe (venom)
rCold   x . .      Faith    .   M - +0 tower shield {reflect}
rNeg    . . .      Spirit   .   p - +0 steam dragon scales
rPois   ∞          Reflect  +   H - +0 helmet
rElec   .          Harm     .   y - +0 cloak
rCorr   .          Rampage  .   (no gloves)
Will    +....                   (boots unavailable)
Stlth   +++.......              (no amulet)
HPRegen 0.27/turn               r - +4 ring of protection
MPRegen 0.00/turn               P - +6 ring of intelligence

@: petrifying, flying, very slow
A: sickness immunity, fire resistance 2, cold vulnerability 1, float, innate
caster, HP casting, extra vitality 1, deterioration 1
a: Renounce Religion, Recall Undead Harvest


You were on level 13 of the Dungeon.
You worshipped Yredelemnul.
Yredelemnul was noncommittal.
You visited 3 branches of the dungeon, and saw 18 of its levels.
You also visited: Bailey.

You collected 901 gold pieces.
You spent 240 gold pieces at shops.

Inventory:

Hand Weapons
 c - a +0 arbalest
 o - a +1 hand axe of freezing
 x - a +3 quarterstaff of chaos
 Y - a +1 trident of protection
 Z - a +1 war axe of venom (weapon)
Missiles
 f - 6 boomerangs of dispersal
 h - 53 bolts
 A - 2 throwing nets
 C - 2 javelins
 E - 26 poisoned darts
 Q - 12 boomerangs
Armour
 p - +0 steam dragon scales (worn)
 y - a +0 cloak (worn)
 H - a +0 helmet (worn)
 M - a +0 tower shield of reflection (worn)
Jewellery
 i - a ring of protection from cold
 r - a +4 ring of protection (left hand)
 u - a +6 ring of dexterity
 P - a +6 ring of intelligence (right hand)
Wands
 q - a wand of paralysis (4)
 z - a wand of acid (10) (quivered)
 J - a wand of digging (11)
 N - a wand of flame (37)
Scrolls
 d - 2 scrolls of summoning {unknown}
 k - a scroll of silence
 l - a scroll of blinking
 s - 8 scrolls of teleportation {unknown}
 w - 3 scrolls of enchant weapon
 B - 3 scrolls of fear
 D - a scroll of immolation {unknown}
 G - 3 scrolls of fog
 I - 3 scrolls of vulnerability {unknown}
 L - 2 scrolls of enchant armour {unknown}
 U - a scroll of magic mapping {unknown}
Potions
 a - 5 potions of brilliance
 b - 2 potions of invisibility
 e - 4 potions of heal wounds
 g - 3 potions of curing
 n - 2 potions of cancellation
 t - 4 potions of lignification
 O - a potion of resistance
 R - a potion of berserk rage
 T - a potion of haste
Miscellaneous
 V - a lightning rod (4/4)
 W - a phial of floods
 X - a piece from Xom's chessboard (15/15)


   Skills:
 * Level 10.8 Fighting
 + Level 0.8 Axes
 + Level 0.9 Throwing
 + Level 5.1 Dodging
 + Level 4.3 Stealth
 + Level 8.0 Shields
 + Level 14.4 Spellcasting
 - Level 0.8 Invocations
 * Level 4.0 Evocations


You had 8 spell levels left.
You knew the following spells:

 Your Spells              Type           Power      Damage    Failure   Level
a - Foxfire               Conj/Fire      100%       2x1d9     1%          1
b - Scorch                Fire           100%       2d10      1%          2
c - Conjure Flame         Conj/Fire      78%        6-21      1%          3
d - Inner Flame           Hex/Fire       78%        N/A       1%          3
e - Flame Wave            Conj/Fire      78%        2d14      1%          4
f - Beastly Appendage     Tmut           100%       N/A       1%          1
g - Blink                 Tloc           100%       N/A       1%          2
h - Ozocubu's Armour      Ice            78%        N/A       1%          3
i - Petrify               Tmut/Erth      78%        N/A       1%          4
j - Blade Hands           Tmut           39%        N/A       1%          5
k - Freezing Cloud        Conj/Ice/Air   39%        6-21      1%          5
Your spell library was empty.

Dungeon Overview and Level Annotations

Branches:
Dungeon (13/15)            Temple (1/1) D:4            Lair (4/6) D:8
  Swamp (0/4) Lair:4        Snake (0/4) Lair:3          Orc (0/2) D:10
 Vaults (0/5) D:13         Bailey (visited)

Altars:
Ashenzari
Cheibriados
Dithmenos
Elyvilon
Fedhas
Gozag
Hepliaklqana
Kikubaaqudgha
Makhleb
Nemelex Xobeh
Okawaru
Qazlal
Ru
Sif Muna
Trog
Uskayaw
Vehumet
Wu Jian
Xom
Yredelemnul
Zin
The Shining One

Shops:
D:8 !


Innate Abilities, Weirdness & Mutations

You are immune to sickness and miasma.
You are immune to poison.
Your flesh is very heat resistant. (rF++)
You are vulnerable to cold. (rC-)
You float through the air rather than walking.
You learn spells naturally, not from books.
Your magical power is your life essence.
You have superior vitality. (+4 MHP)
Your body sometimes deteriorates upon taking damage.


Message History

Unknown command.
Casting: Inner Flame (safe; 1% risk of failure)
Confirm with . or Enter, or press ? or * to list all spells.
You can't see any susceptible monsters within range! (Use Z to cast anyway.) Unknown command.
Casting: Inner Flame (safe; 1% risk of failure)
Confirm with . or Enter, or press ? or * to list all spells.
Casting: Flame Wave (mildly dangerous; 1% risk of failure)
Press: ? - help, Dir - look around, f - activate A wave of flame ripples out!
The flame wave engulfs the +4 long sword but does no damage. (Press . to intensify the flame waves.)
The +4 long sword is no longer more vulnerable to fire.
A centaur warrior comes into view.
It is wielding a +0 scimitar of freezing.
You block the +4 long sword's attack. The +5 long sword hits you!
Okay, then.
Unknown command.
Casting: Flame Wave (mildly dangerous; 1% risk of failure)
Confirm with . or Enter, or press ? or * to list all spells.
You blink.
You block the +4 long sword's attack. The +5 long sword hits you!
* * * LOW HITPOINT WARNING * * *
The centaur warrior unwields a +0 scimitar of freezing.
The centaur warrior wields a +0 shortbow.
The centaur warrior shoots an arrow.
The arrow completely misses you. The +4 long sword barely misses you.
The basilisk gazes at you.
You are slowing down.
As you read the scroll of fear, it crumbles to dust.
You assume a fearsome visage.
The +4 long sword is unaffected.
The +5 long sword is unaffected.
The centaur warrior looks frightened!
The basilisk looks frightened!
The +5 long sword hits you.
* * * LOW HITPOINT WARNING * * *
The +4 long sword hits you!
* * * LOW HITPOINT WARNING * * *
The +5 long sword hits you!
* * * LOW HITPOINT WARNING * * *
Your body deteriorates!
You feel weakened. The +4 long sword hits you!!
You die...
Your body rises from the dead as a mindless zombie.

#...# .#
##############...###.#
.................'....
###########.##...#.###
#..............#
#..............#
#.....#.#..§..##
#....#####.((.#
#...^..∩....@.#
#....#####....# #.
#..l.!# # .c.....#
(........# ##.###.###
#. ..# # ###


You could see a centaur warrior (fleeing), a basilisk (inner flame, fleeing) and
2 dancing weapons.

Vanquished Creatures
  2 boulder beetles (D:12)
  4 hydras
  2 centaur warriors (D:13)
  The ghost of Jase the Grappler, a journeyman BaTm of Cheibriados (D:10)
  2 two-headed ogres
  A spectral hydra (Lair:1)
  2 deep elf pyromancers
  A cyclops (D:8)
  A manticore (D:12)
  15 elephants
  2 black mambas
  10 cane toads
  An unseen horror (D:12)
  A yaktaur (D:13)
  A gargoyle (D:12)
  A kobold demonologist (D:12)
  9 komodo dragons
  Maggie (D:9)
  4 freezing wraiths
  A tengu conjurer (D:13)
  4 trolls
  4 spectral elephants
  A spectral black mamba (Lair:3)
  A jumping spider (shapeshifter) (D:13)
  5 blink frogs (Lair:3)
  A black mamba zombie (Lair:4)
  2 shadows (D:10)
  2 wraiths
  2 wyverns
  2 spectral komodo dragons
  A vampire (D:10)
  3 vampire mosquitoes
  33 yaks
  3 basilisks
  Grum (D:8)
  A steam dragon (D:8)
  3 nagas (Lair:3)
  Edmund (D:5)
  4 spectral cane toads
  8 water moccasins
  A cane toad zombie (Lair:4)
  10 spectral yaks
  A sky beast (D:7)
  An ice beast (D:6)
  2 elephant zombies (Lair:4)
  5 orc warriors
  6 wolves
  2 necrophages
  A blink frog zombie (Lair:3)
  A spectral rime drake (Lair:4)
  A phantom (D:4)
  8 centaurs
  A spectral cyclops (D:8)
  A spectral basilisk (Lair:3)
  Blork the orc (D:4)
  2 kobold brigands (D:8)
  A komodo dragon zombie (Lair:2)
  8 bullfrogs
  A spectral water moccasin (Lair:1)
  A wyvern zombie (D:7)
  A gnoll sergeant (D:9)
  A scorpion (Lair:2)
  A wyvern skeleton (D:7)
  A troll zombie (D:10)
  A spectral naga (Lair:3)
  A howler monkey (D:9)
  An electric eel (Lair:3)
  A spectral centaur (D:11)
  2 bullfrog zombies
  3 centaur zombies
  3 hounds (D:5)
  A jelly (D:6)
  A centaur skeleton (D:7)
  Crazy Yiuf (D:5)
  3 orc priests
  A bullfrog skeleton (D:4)
  3 iguanas
  2 orc wizards
  A hound zombie (D:5)
  A hound skeleton (D:4)
  A spectral howler monkey (D:9)
  A howler monkey zombie (D:6)
  20 gnolls
  9 adders
  A shadow imp (D:6)
  A white imp (D:5)
  An ufetubus (D:6)
  An adder skeleton (D:4)
  5 spectral gnolls
  A worm (D:2)
  A dart slug (D:4)
  35 orcs
  13 bats
  6 endoplasms
  2 giant cockroaches
  7 hobgoblins
  14 jackals
  20 kobolds
  6 quokkas
  8 ball pythons
  5 frilled lizards
  5 goblins
  2 jackal zombies (D:4)
  3 kobold zombies (D:8)
  2 orc zombies
  5 rats
  A spectral dart slug (D:4)
  3 spectral kobolds (D:8)
  16 spectral orcs
  A spectral ufetubus (D:6)
  3 foxfires (D:12)
428 creatures vanquished.

Vanquished Creatures (collateral kills)
  A hydra (Lair:4)
  A two-headed ogre (D:11)
  4 elephants
  A rime drake (Lair:4)
  A komodo dragon (Lair:4)
  A shadow (D:11)
  A yak (Lair:3)
  2 vampire mosquitoes (D:12)
  A spectral yak (Lair:1)
  An electric eel (Lair:4)
  3 orcs (D:9)
  4 foxfires
21 creatures vanquished.

Vanquished Creatures (others)
  2 centaur zombies (D:13)
  A spectral yak (Lair:3)
  2 vampire mosquito zombies
  2 yak zombies
  A tengu zombie (D:13)
  A spectral human (D:9)
  3 troll zombies
  A spectral bullfrog (Lair:3)
  A bullfrog zombie (Lair:4)
  A hound zombie (D:5)
  2 spectral gnolls
  4 kobold zombies (D:8)
  852 foxfires
  27 fungi
  48 plants
948 creatures vanquished.

Grand Total: 1397 creatures vanquished

Notes
Turn   | Place    | Note
-------+----------+-------------------------------------------
     0 | D:1      | unlimited1921 the Djinni Fire Elementalist began the quest
                  | for the Orb.
     0 | D:1      | Reached XP level 1. HP: 15/15 MP: 0/0
    33 | D:1      | Reached XP level 2. HP: 7/21 MP: 0/0
  1043 | D:1      | Found a faded altar of an unknown god.
  1067 | D:1      | Reached XP level 3. HP: 19/26 MP: 0/0
  1067 | D:1      | Learned a level 1 spell: Beastly Appendage
  1382 | D:1      | Reached skill level 1 in Fighting
  1384 | D:1      | Reached skill level 3 in Spellcasting
  3059 | D:2      | Reached XP level 4. HP: 29/32 MP: 0/0
  5085 | D:2      | Reached XP level 5. HP: 34/38 MP: 0/0
  5085 | D:2      | Learned a level 2 spell: Blink
  5799 | D:3      | Found an iron altar of Okawaru.
  6019 | D:3      | Found a faded altar of an unknown god.
  6131 | D:3      | Found a bloodstained altar of Trog.
  6168 | D:3      | Reached skill level 4 in Spellcasting
  6631 | D:4      | Noticed Blork the orc
  6636 | D:4      | Killed Blork the orc
  6637 | D:4      | Reached XP level 6. HP: 35/45 MP: 0/0
  6651 | D:4      | Found a staircase to the Ecumenical Temple.
  7092 | Temple   | Entered the Ecumenical Temple
  7100 | Temple   | Became a worshipper of Yredelemnul the Dark
  7565 | D:4      | Noticed a necrophage
  7570 | D:4      | Killed a necrophage
  7571 | D:4      | Reached skill level 5 in Spellcasting
  7571 | D:4      | Reached XP level 7. HP: 39/49 MP: 0/0
  7571 | D:4      | Learned a level 3 spell: Ozocubu's Armour
  7650 | D:4      | Found a hazy altar of Hepliaklqana.
  7651 | D:4      | Found a shimmering altar of Xom.
  7652 | D:4      | Noticed a spectral ugly thing
  8121 | D:5      | Entered Level 5 of the Dungeon
  8318 | D:5      | Found a sacrificial altar of Ru.
  8341 | D:5      | Reached * piety under Yredelemnul
  8411 | D:5      | Found a runed translucent door.
  8412 | D:5      | Noticed Crazy Yiuf
  8481 | D:5      | Killed Crazy Yiuf
  8482 | D:5      | Reached XP level 8. HP: 52/56 MP: 0/0
  8813 | D:5      | Reached skill level 6 in Spellcasting
  8897 | D:5      | Noticed Edmund
  8906 | D:5      | Killed Edmund
  9580 | D:6      | Found a broken altar of Ashenzari.
  9850 | D:6      | Found an opulent altar of Gozag.
 10359 | D:7      | Reached skill level 7 in Spellcasting
 10371 | D:7      | Reached XP level 9. HP: 52/63 MP: 0/0
 10371 | D:7      | Learned a level 4 spell: Petrify
 10433 | D:7      | Found a flagged portal.
 10485 | Bailey   | Entered a bailey
 10520 | Bailey   | Reached skill level 5 in Fighting
 11246 | Bailey   | Noticed an orc knight
 11306 | Bailey   | Noticed an orc knight
 12392 | D:8      | Noticed a two-headed ogre
 12401 | D:8      | Killed a two-headed ogre
 12402 | D:8      | Reached skill level 1 in Shields
 12402 | D:8      | Reached skill level 8 in Spellcasting
 12811 | D:8      | Found Weesoo's Distillery.
 12826 | D:8      | Noticed Grum
 12840 | D:8      | Killed Grum
 13122 | D:8      | Reached XP level 10. HP: 44/72 MP: 0/0
 13456 | D:8      | Bought a potion of flight for 48 gold pieces
 13456 | D:8      | Bought a potion of lignification for 48 gold pieces
 13456 | D:8      | Bought a potion of curing for 48 gold pieces
 13456 | D:8      | Bought a potion of berserk rage for 80 gold pieces
 13456 | D:8      | Bought a potion of degeneration for 16 gold pieces
 13527 | D:8      | Found a staircase to the Lair.
 13571 | D:8      | Noticed a cyclops
 13577 | D:8      | Killed a cyclops
 13578 | D:8      | Reached skill level 9 in Spellcasting
 14679 | Lair:1   | Entered Level 1 of the Lair of Beasts
 14890 | Lair:1   | Noticed a cane toad
 14894 | Lair:1   | Killed a cane toad
 14960 | Lair:1   | Noticed a cane toad
 15015 | Lair:1   | Reached ** piety under Yredelemnul
 15017 | Lair:1   | Reached *** piety under Yredelemnul
 15114 | Lair:1   | Noticed a cane toad
 15120 | Lair:1   | Killed a cane toad
 15121 | Lair:1   | Reached skill level 10 in Spellcasting
 15179 | Lair:1   | Noticed a cane toad
 15184 | Lair:1   | Killed a cane toad
 15185 | Lair:1   | Reached XP level 11. HP: 69/78 MP: 0/0
 15185 | Lair:1   | Learned a level 5 spell: Blade Hands
 15287 | Lair:1   | Noticed a four-headed hydra
 15293 | Lair:1   | Killed a four-headed hydra
 15607 | Lair:1   | Reached skill level 5 in Shields
 18035 | Lair:2   | Reached skill level 11 in Spellcasting
 19341 | Lair:3   | Reached XP level 12. HP: 66/87 MP: 0/0
 20205 | Lair:3   | Reached skill level 12 in Spellcasting
 20529 | Lair:3   | Found a staircase to the Snake Pit.
 21772 | Lair:4   | Found a staircase to the Swamp.
 21781 | Lair:4   | Noticed a five-headed hydra
 22213 | Lair:3   | Killed a five-headed hydra
 22214 | Lair:3   | Reached XP level 13. HP: 84/94 MP: 0/0
 22214 | Lair:3   | Learned a level 5 spell: Freezing Cloud
 22698 | Lair:4   | Reached skill level 13 in Spellcasting
 22997 | Lair:4   | Noticed a seven-headed hydra
 23003 | Lair:4   | Killed a seven-headed hydra
 23456 | Lair:4   | Gained mutation: Your body sometimes deteriorates upon
                  | taking damage. [potion of mutation]
 23456 | Lair:4   | Gained mutation: You passively map a small area around you.
                  | [potion of mutation]
 23456 | Lair:4   | Gained mutation: You are agile. (Dex +2) [potion of
                  | mutation]
 23457 | Lair:4   | Lost mutation: You are agile. (Dex +2) [potion of mutation]
 23457 | Lair:4   | Lost mutation: You passively map a small area around you.
                  | [potion of mutation]
 23457 | Lair:4   | Lost mutation: Your body sometimes deteriorates upon taking
                  | damage. [potion of mutation]
 23457 | Lair:4   | Gained mutation: Your body sometimes deteriorates upon
                  | taking damage. [potion of mutation]
 24539 | D:9      | Found a glowing golden altar of the Shining One.
 24742 | D:9      | Noticed Maggie
 24754 | D:9      | Killed Maggie
 24755 | D:9      | Reached skill level 10 in Fighting
 24957 | D:9      | Your ally Maggie died
 25548 | D:9      | Found a snail-covered altar of Cheibriados.
 25578 | D:9      | Found a burning altar of Makhleb.
 25712 | D:10     | Entered Level 10 of the Dungeon
 25712 | D:10     | Found a stormy altar of Qazlal.
 26745 | D:10     | Found a runed translucent gate.
 26746 | D:10     | Found a runed translucent gate.
 26747 | D:10     | Found a runed translucent gate.
 26748 | D:10     | Noticed Jase's ghost (journeyman BaTm)
 26758 | D:10     | Reached skill level 1 in Evocations
 26798 | D:10     | Killed Jase's ghost
 27506 | D:10     | Found a staircase to the Orcish Mines.
 28921 | D:11     | Reached skill level 14 in Spellcasting
 29179 | D:11     | Noticed a six-headed hydra
 29183 | D:11     | Killed a six-headed hydra
 29184 | D:11     | Reached XP level 14. HP: 94/103 MP: 0/0
 31477 | D:12     | Reached skill level 5 in Dodging
 33227 | D:13     | Found a gate to the Vaults.
 33242 | D:13     | Mangled by a +4 long sword

Illustrated notes

Levels and vault maps discovered:
D:1:      dpeg_arrival_rooms_c, layout_rooms,
          shapermc_ecumenical_altar_mp_urbaneastern, minmay_misc_feat_room,
          kennysheep_decorative_pillar
D:2:      cheibrodos_helix_gallery, layout_loops_ring
D:3:      layout_rooms, okawaru_gym_becter, nicolae_overflow_ecumenical_swirl
D:4:      layout_rooms, regret_index_temple_of_mockery,
          minmay_temple_entry_gardened_gates, uniq_blork_the_orc
D:5:      layout_basic, nicolae_ru_sacrificial_ziggurat,
          minmay_tree_intersection, kennysheep_crisscross,
          hangedman_decor_riveting, uniq_edmund, uniq_crazy_yiuf_cottage
D:6:      layout_cave_pools, mainiacjoe_overflow_six_doors_small,
          grunt_gozag_breadcrumbs, minmay_microvault
D:7:      layout_basic, enter_bailey_6, kennysheep_cluttered_room,
          grunt_decor_cap
D:8:      layout_basic, dpeg_oklobed_lair, serial_shops, shop_statue, uniq_grum
D:9:      layout_rooms, cheibriados_altar_1, mainiacjoe_overflow_alcove_1,
          mainiacjoe_overflow_catwalk, uniq_maggie
D:10:     layout_basic, nicolae_sif_muna_little_library, grunt_qazlal_clouds,
          gammafunk_ghost_spectres
D:11:     layout_loops_ring, minmay_misc_feat_five
D:12:     layout_loops_ring
D:13:     minmay_cornered_nines, layout_basic, erik_vaults_1
Temple:   dpeg_chambers_temple
Lair:1:   layout_regular_city
Lair:2:   layout_gridlike, lemuel_fruit_tree
Lair:3:   layout_chaotic_city, minmay_snake_entry_guardpost_small,
          nicolae_volcano_entry_lava_flow, nicolae_lair_grove_arrangements,
          nicolae_quartered_pool_medium, st_stairs_9, lemuel_fruit_fields,
          serial_bayou_shore_a
Lair:4:   hellmonk_destroyed_diamonds, layout_cave_shapes, swamp_mist_pool,
          chequers_serial_rivers_room_a

Skill      XL: |  1  2  3  4  5  6  7  8  9 10 11 12 13 14 |
---------------+-------------------------------------------+-----
Fighting       | 1 2 3 4 5 6 8 9 10 | 10.8
Spellcasting   | 3 4 5 7 8 10 11 12 14 | 14.4
Stealth        | 2 3 4 |  4.3
Shields        | 2 4 5 6 7 8 |  8.0
Dodging        | 3 4 5 |  5.1
Evocations     | 2 4 |  4.0
Axes           | |  0.8
Throwing       | |  0.9
Invocations    | |  0.8

Action                   |  1- 3 |  4- 6 |  7- 9 | 10-12 | 13-15 || total
-------------------------+-------+-------+-------+-------+-------++-------
Melee: Short sword       |     6 |     3 |       |       |       ||     9
       Flail             |       |       |       |    37 |       ||    37
       Hand axe          |       |       |       |     2 |       ||     2
       Unarmed           |       |       |       |     2 |       ||     2
       Trident           |       |       |       |       |    15 ||    15
       War axe           |       |       |       |       |    11 ||    11
Throw: Dart              |       |       |       |       |    21 ||    21
 Cast: Foxfire           |    72 |    74 |    68 |   141 |   173 ||   528
       Scorch            |     6 |    44 |    77 |   105 |   115 ||   347
       Beastly Appendage |     1 |       |     1 |       |       ||     2
       Inner Flame       |       |    12 |    49 |   100 |    42 ||   203
       Ozocubu's Armour  |       |       |     3 |       |     1 ||     4
       Petrify           |       |       |    10 |     4 |    18 ||    32
       Blink             |       |       |       |     6 |     8 ||    14
       Flame Wave        |       |       |       |     6 |     1 ||     7
       Blade Hands       |       |       |       |     1 |       ||     1
       Freezing Cloud    |       |       |       |       |    50 ||    50
Invok: Dark Bargain      |       |       |       |       |     1 ||     1
       Recall Undead Har |       |       |       |       |     1 ||     1
Evoke: Wand              |       |       |     2 |     6 |     2 ||    10
  Use: Scroll            |       |       |       |    12 |     4 ||    16
       Potion            |       |       |       |     7 |     2 ||     9
 Stab: Petrified         |       |       |       |       |     5 ||     5
Armor: Robe              |     1 |     2 |    10 |    17 |     3 ||    33
       Steam dragon scal |       |       |       |       |    35 ||    35
Dodge: Dodged            |     7 |     4 |    18 |    33 |    28 ||    90
Block: Tower shield      |       |       |       |    48 |    69 ||   117
       Reflection        |       |       |       |     1 |    14 ||    15
